 Dungeon Crawl Stone Soup version 0.28.0-43-g3370ac3207 (webtiles) character file.

Game seed: 10379011353031526290

18 experimilk the Chopper (level 2, 0/23 HPs)
             Began as a Palentonga Warper on Mar 19, 2022.
             Succumbed to a kobold's poison
             ... on level 1 of the Dungeon.
             The game lasted 00:01:50 (1028 turns).

experimilk the Chopper (Palentonga Warper)          Turns: 1028, Time: 00:01:50

Health: 0/23       AC:  4    Str: 14    XL:     2   Next: 51%
Magic:  5/5        EV:  9    Int: 13    God:
Gold:   19         SH:  3    Dex: 15    Spells: 3/5 levels left

rFire   . . .      SeeInvis +   a - +0 hand axe
rCold   . . .      Faith    .   h - +0 buckler
rNeg    . . .      Spirit   .   b - +0 leather armour
rPois   .          Reflect  .   (no helmet)
rElec   .          Harm     .   (no cloak)
rCorr   .          Rampage  .   (no gloves)
Will    .....                   (no barding)
Stlth   +.........              (no amulet)
HPRegen 0.07/turn               e - +6 ring of dexterity
MPRegen 0.09/turn               (no ring)

@: lethally poisoned (0 -> -29)
A: large, rugged brown scales 3, see invisible, deformed body, roll 1, armoured
tail
a: Rolling Charge


You were on level 1 of the Dungeon.
You visited 1 branch of the dungeon, and saw 1 of its levels.

You collected 19 gold pieces.

Inventory:

Hand Weapons
 a - a +0 hand axe (weapon)
Missiles
 d - 5 boomerangs of dispersal (quivered)
 f - 3 curare-tipped darts
Armour
 b - a +0 leather armour (worn)
 h - a +0 buckler (worn)
Jewellery
 e - a +6 ring of dexterity (left hand)
Scrolls
 c - 2 scrolls of blinking
 g - a scroll of amnesia {unknown}


   Skills:
 - Level 2.0 Fighting
 + Level 3.2 Axes
 - Level 0.6 Throwing
 - Level 0.7 Armour
 - Level 1.5 Dodging
 - Level 2.0 Spellcasting
 - Level 3.0 Translocations


You had 3 spell levels left.
You knew the following spells:

 Your Spells              Type           Power      Damage    Failure   Level
a - Blink                 Tloc           18%        N/A       19%         2

Your spell library contained the following spells:

 Spells                   Type           Power      Damage    Failure   Level
 Gell's Gravitas          Tloc           9%         N/A       34%         3
 Lesser Beckoning         Tloc           9%         N/A       34%         3
 Teleport Other           Tloc           9%         N/A       34%         3
 Manifold Assault         Tloc           9%         N/A       97%         5


Dungeon Overview and Level Annotations

Branches:
Dungeon (1/15)

Altars:


Innate Abilities, Weirdness & Mutations

You are completely covered in rugged brown scales. (AC +3, +7% HP)
You have supernaturally acute eyesight. (SInv)
Armour fits poorly on your strangely shaped body.
You can roll at nearby foes to attack.
You have a long armoured tail.


Message History

Keep equipping yourself?
You continue putting on your +0 buckler.
The ball python hisses angrily.
You continue putting on your +0 buckler. x2
You finish putting on your +0 buckler.
You hit the ball python.
You kill the ball python!
The endoplasm quivers.
You see here a ball python corpse.
You hit the endoplasm.
The endoplasm is heavily wounded.
The endoplasm freezes you.
You are frozen.
A kobold comes into view.
It is wielding a +2 short sword of venom.
You hit the endoplasm.
You kill the endoplasm!
Roll where?
Press: ? - help, Dir - move target, f - kobold
Aim: a kobold, wielding a +2 short sword of venom and quivering stones You roll forward with a clatter of scales!
You closely miss the kobold.
You tail-slap the kobold, but do no damage.
You block the kobold's attack.
You closely miss the kobold.
The kobold hits you with a +2 short sword of venom.
You are poisoned.
You closely miss the kobold.
You feel very sick. The kobold closely misses you.
You closely miss the kobold. You tail-slap the kobold.
The kobold is heavily wounded.
You feel sick.
The kobold hits you with a +2 short sword of venom.
You are more poisoned.
The kobold hits you with a +2 short sword of venom.
* * * LOW HITPOINT WARNING * * *
You are more poisoned.
You hit the kobold.
You kill the kobold!
You die...

# .. .. # ##.# ### .# ..
# .# #P≈≈ #.# .##.#
...P≈≈≈##.##....##......
#.. ≈.......#..##......
#≈≈♣≈.........##......
#≈≈P.##.....#.##......
♣≈)@......#.##......
≈≈.≈≈≈.#................
.≈P♣≈P.....†#...........
≈ ≈≈♣≈≈.................
♣≈≈≈≈###..#...........)
♣≈♣≈≈≈.....##.#......>†.
♣ ♣≈.#####....#..#......
≈≈≈ ####...........
#.....#..###


There were no monsters in sight!

Vanquished Creatures
  2 endoplasms (D:1)
  A giant cockroach (D:1)
  3 hobgoblins (D:1)
  4 jackals (D:1)
  2 kobolds (D:1)
  3 ball pythons (D:1)
  A bat (D:1)
  A goblin (D:1)
17 creatures vanquished.

Vanquished Creatures (others)
  33 plants (D:1)
33 creatures vanquished.

Grand Total: 50 creatures vanquished

Notes
Turn   | Place    | Note
-------+----------+-------------------------------------------
     0 | D:1      | experimilk the Palentonga Warper began the quest for the
                  | Orb.
     0 | D:1      | Reached XP level 1. HP: 17/17 MP: 3/3
   195 | D:1      | Reached XP level 2. HP: 5/23 MP: 5/5
   884 | D:1      | Learned a level 2 spell: Blink
  1028 | D:1      | Succumbed to a kobold's poison

Illustrated notes

Levels and vault maps discovered:
D:1:      lemuel_arrival_funnel, layout_rooms, serial_bayou,
          serial_bayou_shore_a, serial_bayou_lagoon_a, serial_bayou_pond_d,
          serial_bayou_crossing

Skill      XL: |  1  2 |
---------------+-------+-----
Axes           | 3 |  3.2
Fighting       | |  2.0
Throwing       | |  0.6
Armour         | |  0.7
Dodging        | |  1.5
Spellcasting   | |  2.0
Translocations | |  3.0

Action                   || total
-------------------------++-------
Melee: Hand axe          ||    53
       Tailslap          ||    10
       Punch             ||     1
 Abil: Rolling Charge    ||     1
Armor: Leather armour    ||    24
Dodge: Dodged            ||    27
Block: Buckler           ||     1
